 Dungeon Crawl Stone Soup version 0.27.1-2-g3b301248ec (webtiles) character file.

Game seed: 7765300199344056658

312 Crownlay the Skirmisher (level 6, -1/44 HPs)
             Began as an Octopode Transmuter on Oct 3, 2021.
             Slain by an orc wizard (3 damage)
             ... on level 4 of the Dungeon.
             The game lasted 00:06:39 (4391 turns).

Crownlay the Skirmisher (Octopode Transmuter)       Turns: 4391, Time: 00:06:40

Health: -1/44      AC:  1    Str:  9    XL:     6   Next: 42%
Magic:  8/9        EV: 14    Int: 15    God:
Gold:   132        SH:  0    Dex: 15    Spells: 6/9 levels left

rFire    + . .     SeeInvis .   e - +0 dagger
rCold    . . .     Faith    +   (no shield)
rNeg     . . .     Spirit   .   (helmet restricted)
rPois    .         Reflect  .   g - amulet of faith
rElec    .         Harm     .   n - ring of protection from fire
rCorr    .         Rampage  .   (no ring)
Will     .....                  (no ring)
Stlth    ++++......             (no ring)
HPRegen  0.14/turn              (no ring)
MPRegen  0.11/turn              (no ring)
                                (no ring)
                                (no ring)

@: wereblooded
A: almost no armour, amphibious, 8 rings, camouflage 1, gelatinous body 1,
(nimble swimmer 1), tentacles
a: no special abilities


You were on level 4 of the Dungeon.
You visited 1 branch of the dungeon, and saw 4 of its levels.

You collected 132 gold pieces.

Inventory:

Hand Weapons
 a - a +0 short sword
 e - a +0 dagger (weapon)
Missiles
 o - 5 boomerangs (quivered)
Jewellery
 g - an amulet of faith (around mantle)
 n - a ring of protection from fire (left tentacle)
Scrolls
 b - a scroll of amnesia {unknown}
 c - 2 scrolls of teleportation {unknown}
 d - a scroll of acquirement {unknown}
 i - 4 scrolls of identify {unknown}
 j - a scroll of noise {unknown}
 l - a scroll of enchant weapon {unknown}
Potions
 f - a potion of attraction {unknown}
 h - 3 potions of brilliance {unknown}
 k - a potion of degeneration {unknown}
 m - a potion of curing {unknown}


   Skills:
 * Level 4.7 Fighting
 + Level 3.1 Dodging
 + Level 4.4 Stealth
 - Level 3.0 Unarmed Combat
 - Level 2.0 Spellcasting
 - Level 2.0 Transmutations


You had 6 spell levels left.
You knew the following spells:

 Your Spells              Type           Power      Damage    Failure   Level
a - Beastly Appendage     Tmut           14%        N/A       10%         1
b - Wereblood             Tmut           7%         N/A       14%         2

Your spell library contained the following spells:

 Spells                   Type           Power      Damage    Failure   Level
 Freeze                   Ice            4%         1d3       22%         1
 Shock                    Conj/Air       4%         1d3       22%         1
 Static Discharge         Conj/Air       1%         N/A       32%         2
 Spider Form              Tmut/Pois      2%         N/A       41%         3
 Frozen Ramparts          Ice            2%         1d2       54%         3
 Mephitic Cloud           Conj/Pois/Air  1%         N/A       54%         3
 Ice Form                 Ice/Tmut       4%         N/A       82%         4
 Hailstorm                Conj/Ice       1%         3d3       91%         4
 Chain Lightning          Conj/Air       0%         2d1       100%        9


Dungeon Overview and Level Annotations

Branches:
Dungeon (4/15)
 Temple: D:4-7

Altars:
Gozag

Shops:
D:3 *=

Annotations:
D:3 exclusion: downstairs


Innate Abilities, Weirdness & Mutations

You cannot wear most types of armour.
You are amphibious.
You can wear up to eight rings at the same time.
Your skin changes colour to match your surroundings (Stealth+).
Your rubbery body absorbs attacks. (AC +1, EV +1)
((You are camouflaged near water. (Stealth+)))
You have tentacles for arms and can constrict up to eight enemies at once.


Message History

You kill the orc!
The orc hits you with a +4 whip.
The orc hits you from afar with a +0 trident.
You closely miss the orc. Your grab misses the orc.
The orc barely misses you. x2
You completely miss the orc. You grab the orc. You constrict the orc.
The orc hits you from afar with a +0 trident.
The orc misses you.
The orc priest calls upon Beogh to heal the orc.
The orc's wounds heal themselves!
Something hits you.
You hit the orc.
The orc is moderately wounded.
You howl as the wereblood boils in your veins!
You constrict the orc. The orc barely misses you. The orc misses you.
Something hits you.
The orc priest mumbles some strange prayers to Beogh against you.
Beogh smites you!
You hit the orc.
You feel a bit better.
You kill the orc!
You howl as the wereblood boils in your veins!
The orc closely misses you. Something closely misses you.
You hit the orc priest. Your grab misses the orc priest.
The orc priest is lightly wounded.
The orc hits you from afar with a +0 trident!
* * * LOW HITPOINT WARNING * * *
Something hits you.
* * * LOW HITPOINT WARNING * * *
You closely miss the orc priest. You grab the orc priest.
The orc priest is lightly wounded.
You constrict the orc priest.
The orc priest struggles to escape constriction.
The orc hits you from afar with a +0 trident.
* * * LOW HITPOINT WARNING * * *
Something hits you.
* * * LOW HITPOINT WARNING * * *
The orc priest escapes!
You hit the ogre but do no damage.
The orc hits you from afar with a +0 trident.
* * * LOW HITPOINT WARNING * * *
The ogre misses you. Something hits you.
You die...

#.#...###..........#
#....## ##.........#
#.....+##..........#
#......#...........#
#..Pā‰ˆ............
#...ā‰ˆ......#####
#...P..āŒ .##
#.#.)o...#
#.#.#@)o##
#.#.#.O......
#.#.######... #.#..
.. #.### #.


You could see an ogre, an orc priest and an orc.

Vanquished Creatures
  A water moccasin zombie (D:3)
  A bullfrog zombie (D:3)
  Jessica (D:3)
  Terence (D:2)
  4 gnolls
  4 adders (D:2)
  3 worms (D:3)
  2 dart slugs (D:1)
  8 orcs
  5 bats
  6 endoplasms
  3 giant cockroaches
  5 goblins
  7 hobgoblins
  10 kobolds
  5 quokkas
  7 ball pythons
  A frilled lizard (D:2)
  4 rats
78 creatures vanquished.

Notes
Turn   | Place    | Note
-------+----------+-------------------------------------------
     0 | D:1      | Crownlay the Octopode Transmuter began the quest for the
                  | Orb.
     0 | D:1      | Reached XP level 1. HP: 13/13 MP: 3/3
   183 | D:1      | Reached skill level 1 in Stealth
   183 | D:1      | Reached XP level 2. HP: 19/19 MP: 5/5
   857 | D:2      | Reached XP level 3. HP: 25/25 MP: 6/6
  1330 | D:2      | Reached XP level 4. HP: 24/31 MP: 7/7
  1462 | D:2      | Found a faded altar of an unknown god.
  1718 | D:3      | Noticed Terence
  2349 | D:3      | Reached XP level 5. HP: 18/37 MP: 8/8
  2721 | D:2      | Killed Terence
  3388 | D:3      | Reached XP level 6. HP: 26/44 MP: 9/9
  3543 | D:3      | Found Gozag's Platinum Reserve.
  3543 | D:3      | Found an opulent altar of Gozag.
  3601 | D:3      | Got Sif Muna's Papyrus of the Birds
  3605 | D:3      | Learned a level 2 spell: Wereblood
  3893 | D:3      | Noticed Jessica
  3897 | D:3      | Killed Jessica
  4115 | D:3      | Found Sativaiw's Jewellery Emporium.
  4293 | D:4      | Noticed a steam dragon
  4391 | D:4      | HP: 2/44 [orc (1)]
  4391 | D:4      | Slain by an orc wizard

Illustrated notes

Levels and vault maps discovered:
D:1:      saegor_arrival_miasma, layout_basic
D:2:      layout_basic, ebering_ecumenical_altar_mist,
          minmay_misc_feat_diagonals
D:3:      mumra_celtic_spiral_tile, layout_basic,
          nicolae_gozag_zags_fifth_avenue, serial_shops, shop,
          serial_park_tiny_pond, kennysheep_generic_room_7, uniq_terence,
          uniq_jessica
D:4:      layout_basic, tso_oasis_becter,
          nicolae_uskayaw_murder_on_the_dancefloor, nicolae_ru_path_of_blood,
          mainiacjoe_overflow_surrounded_room

Skill      XL: |  1  2  3  4  5  6 |
---------------+-------------------+-----
Stealth        | 1 2 3 4 |  4.4
Fighting       | 2 3 4 |  4.7
Dodging        | 3 |  3.1
Unarmed Combat | |  3.0
Spellcasting   | |  2.0
Transmutations | |  2.0

Action                   |  1- 3 |  4- 6 || total
-------------------------+-------+-------++-------
Melee: Unarmed           |     5 |       ||     5
       Short sword       |    30 |       ||    30
       Constrict         |    20 |    34 ||    54
       Tentacles         |    14 |    33 ||    47
       Punch             |     3 |     3 ||     6
       Dagger            |    34 |   131 ||   165
       Kick              |       |    21 ||    21
Throw: Dart              |       |     6 ||     6
       Boomerang         |       |     2 ||     2
 Cast: Beastly Appendage |       |    10 ||    10
       Wereblood         |       |     1 ||     1
 Stab: Sleeping          |     7 |     8 ||    15
Armor: Skin              |     3 |     9 ||    12
Dodge: Dodged            |    35 |    86 ||   121
